Map: Prion Terraces

Players

IlIlllIIl (Stephano)

  • Race: Zerg Zerg
  • League: Grandmaster

GunGFuBanDa - Winner!

  • Race: Protoss Protoss
  • League: Grandmaster

Event: Homestory Cup XII

VOD

Have the link to the VOD?

Description

Time

  • Played on: Dec. 18, 2015, 3:08 p.m.
  • Length: 23:59

All games in this series

Show
View Real Time Build Order
Export as new Build Order

IlIlllIIl Zerg 

Build Orders: Hatch First 

Get SALT Encoding   

  12  0:01  Drone  
  13  0:12  Overlord  
  13  0:17  Drone  
  14  0:30  Drone x2  
  14  0:34  Drone  
  17  0:52  Hatchery  
  17  0:54  Drone  
  17  0:57  Drone  
  18  1:13  Spawning Pool  
  18  1:14  Drone  
  18  1:20  Drone  
  19  1:36  Extractor  
  18  1:40  Hatchery  
  18  1:41  Drone  
  18  1:44  Drone  
  19  1:53  Drone  
  20  2:05  Queen x2  
  24  2:12  Overlord  
  24  2:16  Drone  
  24  2:20  Drone  
  26  2:23  Drone  
  26  2:25  Drone  
  28  2:38  Metabolic Boost  
  28  2:41  Queen  
  28  2:43  Drone  
  31  2:44  Drone  
  32  2:52  Zergling x4  
  32  2:53  Zergling x2  
  32  2:54  Drone  
  32  2:57  Drone  
  37  3:00  Drone  
  37  3:01  Extractor  
  37  3:03  Drone  
  38  3:09  Zergling x4  
  40  3:13  Drone x2  
  40  3:17  Overlord  
  42  3:23  Roach Warren  
  40  3:31  Drone  
  40  3:34  Spore Crawler  
  38  3:35  Drone  
  39  3:41  Drone x3  
  39  3:46  Drone x2  
  41  3:59  Drone x4  
  41  4:00  Drone  
  41  4:02  Extractor  
  45  4:04  Extractor  
  45  4:05  Overlord  
  44  4:12  Overlord x2  
  43  4:24  Roach  
  43  4:25  Roach x4  
  53  4:31  Drone x4  
  53  4:32  Drone  
  53  4:36  Roach  
  53  4:37  Roach  
  62  4:43  Overlord  
  62  4:46  Ravager x2  
  62  4:48  Roach  
  62  4:50  Ravager x2  
  68  4:53  Roach  
  68  4:55  Overlord  
  68  4:58  Roach  
  68  4:59  Zergling x2  
  73  5:07  Roach x2  
  73  5:08  Roach x2  
  73  5:11  Overlord  
  73  5:12  Overlord  
  81  5:14  Zergling x2  
  81  5:16  Zergling x2  
  81  5:17  Ravager  
  81  5:18  Zergling x2  
  85  5:22  Ravager  
  85  5:23  Zergling x6  
  89  5:29  Zergling x2  
  89  5:30  Zergling x8  
  93  5:39  Zergling x12  
  98  5:44  Zergling x6  
  99  5:55  Zergling x10  
  94  5:58  Zergling x2  
  87  6:05  Ravager x3  
  90  6:13  Zergling x10  
  90  6:14  Zergling x2  
  90  6:27  Zergling x6  
  83  6:33  Zergling x2  
  83  6:34  Zergling x10  
  83  6:38  Zergling x6  
  87  6:43  Zergling x2  
  87  6:47  Evolution Chamber, Zergling x4  
  88  6:50  Evolution Chamber  
  83  6:54  Zergling x2  
  78  7:02  Zergling x4  
  78  7:03  Zergling x8  
  83  7:10  Zergling x6  
  83  7:14  Zergling x10  
  83  7:15  Zergling x2  
  88  7:23  Zergling x2  
  88  7:25  Zerg Ground Armor Level 1, Zerg Melee Weapons Level 1  
  88  7:26  Lair  
  89  7:32  Spine Crawler, Zergling x10  
  90  7:41  Hatchery  
  85  7:48  Zergling x12  
  82  7:56  Roach x4  
  79  7:59  Roach x4  
  79  8:04  Drone x6  
  93  8:13  Spine Crawler  
  92  8:20  Zergling x2  
  92  8:21  Zergling x4  
  92  8:35  Glial Reconstitution  
  92  8:37  Drone x3  
  91  8:41  Drone x2  
  91  8:42  Drone x2  
  91  8:43  Drone x6  
  101  8:51  Spire  
  101  8:54  Queen  
  102  8:59  Roach x2  
  102  9:00  Roach x3  
  112  9:03  Zergling x2, Extractor  
  112  9:04  Extractor  
  112  9:09  Zergling x2  
  112  9:10  Overlord x2  
  112  9:17  Overlord  
  106  9:48  Zergling x2  
  106  9:49  Zergling x18  
  106  9:50  Overlord x4  
  116  9:55  Zerg Melee Weapons Level 2  
  116  9:56  Zerg Ground Armor Level 2  
  110  10:08  Mutalisk x4  
  110  10:09  Mutalisk x4  
  126  10:16  Mutalisk x3  
  126  10:19  Zergling x4  
  134  10:24  Ravager x2  
  134  10:26  Zergling x8  
  140  10:28  Zergling x2  
  138  10:47  Zergling x22  
  143  11:04  Mutalisk  
  143  11:05  Overlord  
  143  11:08  Zerg Flyer Weapons Level 1  
  131  11:40  Corruptor x4  
  139  11:50  Infestation Pit  
  139  11:53  Zergling x22  
  139  11:54  Zergling x6  
  151  12:01  Hatchery  
  151  12:10  Zergling x6  
  151  12:11  Overlord x2  
  154  12:32  Ravager  
  154  12:33  Ravager x10  
  154  12:34  Zergling x10  
  169  12:57  Zergling x8  
  169  12:58  Zergling x8  
  163  13:01  Zergling x14  
  164  13:07  Zergling x4  
  164  13:16  Zergling x2  
  164  13:17  Zergling x4  
  155  13:40  Zergling x2  
  155  13:41  Zergling x18  
  126  13:53  Zergling x12  
Show
View Real Time Build Order
Export as new Build Order

GunGFuBanDa Protoss - Winner!

Build Orders: Nexus First 

Get SALT Encoding   

  12  0:00  Probe (Chrono Boost)  
  13  0:11  Probe (Chrono Boost)  
  14  0:17  Pylon  
  14  0:22  Probe (Chrono Boost)  
  15  0:35  Probe (Chrono Boost)  
  16  0:46  Probe (Chrono Boost)  
  17  0:56  Nexus  
  17  1:00  Probe (Chrono Boost)  
  18  1:10  Gateway  
  18  1:13  Probe (Chrono Boost)  
  19  1:19  Assimilator  
  19  1:24  Probe (Chrono Boost)  
  20  1:28  Assimilator  
  20  1:34  Probe (Chrono Boost)  
  21  1:43  Gateway  
  21  1:45  Probe (Chrono Boost)  
  22  1:55  Probe (Chrono Boost)  
  22  1:58  Cybernetics Core  
  23  2:08  Probe (Chrono Boost)  
  24  2:09  Probe (Chrono Boost)  
  25  2:19  Probe x2 (Chrono Boost)  
  27  2:29  Probe (Chrono Boost)  
  28  2:30  Probe (Chrono Boost)  
  28  2:34  Adept x2 (Chrono Boost)  
  28  2:35  Warp Gate (Chrono Boost)  
  33  2:40  Mothership Core (Chrono Boost)  
  33  2:41  Probe  
  36  2:49  Pylon  
  36  2:53  Probe (Chrono Boost)  
  37  3:01  Probe (Chrono Boost)  
  38  3:07  Stalker, Sentry, Probe (Chrono Boost)  
  38  3:09  Pylon  
  38  3:12  Probe (Chrono Boost)  
  44  3:18  Probe (Chrono Boost)  
  45  3:22  Probe (Chrono Boost)  
  46  3:28  Probe (Chrono Boost)  
  46  3:33  Probe (Chrono Boost)  
  48  3:39  Probe (Chrono Boost)  
  49  3:43  Probe (Chrono Boost)  
  50  3:49  Probe (Chrono Boost)  
  50  3:52  Robotics Facility  
  50  3:54  Gateway, Probe (Chrono Boost)  
  48  3:59  Probe (Chrono Boost)  
  48  4:01  Pylon  
  49  4:04  Probe (Chrono Boost)  
  49  4:09  Probe, Nexus  
  50  4:11  Pylon  
  50  4:12  Pylon  
  50  4:16  Probe  
  52  4:17  Assimilator  
  52  4:19  Assimilator  
  52  4:23  Probe (Chrono Boost)  
  52  4:30  Probe (Chrono Boost)  
  53  4:32  Forge  
  53  4:34  Probe (Chrono Boost), Pylon  
  54  4:38  Sentry  
  54  4:39  Sentry  
  54  4:40  Probe, Observer (Chrono Boost)  
  54  4:42  Gateway  
  60  4:46  Probe  
  60  4:47  Gateway  
  60  4:50  Probe  
  62  4:53  Pylon  
  62  4:58  Probe  
  63  5:02  Probe, Protoss Ground Weapons Level 1 (Chrono Boost)  
  63  5:06  Pylon  
  66  5:10  Probe, Immortal  
  66  5:13  Twilight Council  
  66  5:14  Probe  
  68  5:19  Pylon  
  70  5:21  Stalker  
  70  5:24  Stalker  
  74  5:29  Pylon  
  74  5:33  Pylon  
  74  5:40  Pylon  
  74  5:42  Stalker  
  76  5:46  Immortal, Pylon  
  76  5:59  Adept, Blink (Chrono Boost)  
  76  6:00  Stalker, Adept x2  
  76  6:03  Probe  
  84  6:05  Probe, Pylon  
  84  6:07  Probe  
  84  6:09  Pylon  
  86  6:14  Photon Cannon  
  86  6:24  Adept x3  
  86  6:25  Warp Prism (Chrono Boost)  
  86  6:26  Probe x2  
  86  6:28  Stalker x2  
  86  6:30  Protoss Ground Weapons Level 2  
  89  6:33  Pylon  
  89  6:35  Probe  
  90  6:41  Probe, Pylon  
  90  6:43  Pylon  
  91  6:51  Probe  
  86  7:00  Adept  
  86  7:01  Stalker, Adept  
  84  7:03  Stalker  
  84  7:04  Immortal (Chrono Boost)  
  90  7:10  Probe  
  90  7:11  Probe  
  88  7:17  Probe  
  89  7:25  Stalker x2, Pylon  
  89  7:29  Pylon  
  91  7:51  Adept x2  
  89  7:53  Pylon  
  89  7:58  Immortal (Chrono Boost)  
  93  8:00  Gateway  
  93  8:02  Probe x2, Photon Cannon  
  93  8:04  Pylon  
  93  8:05  Pylon  
  95  8:07  Probe  
  96  8:13  Assimilator  
  96  8:15  Sentry  
  96  8:18  Adept x2  
  100  8:29  Probe  
  100  8:31  Probe, Nexus  
  100  8:32  Probe  
  95  8:37  Immortal (Chrono Boost)  
  95  8:40  Adept x3  
  95  8:41  Probe  
  106  8:48  Probe x2  
  108  8:50  Photon Cannon  
  108  8:51  Resonating Glaives  
  106  8:58  Protoss Ground Weapons Level 3 (Chrono Boost)  
  106  8:59  Probe (Chrono Boost)  
  107  9:04  Pylon  
  107  9:05  Templar Archives  
  107  9:07  Sentry, Probe (Chrono Boost)  
  110  9:16  Probe  
  110  9:19  Pylon  
  110  9:21  Adept x3  
  117  9:27  Probe  
  114  9:39  Warp Prism  
  114  9:43  Probe x2  
  114  9:45  Probe, Photon Cannon  
  117  9:46  Pylon  
  117  9:52  Photon Cannon  
  117  9:56  Stalker x3  
  117  9:58  Stalker, Pylon  
  125  10:00  Assimilator  
  125  10:12  Stargate  
  125  10:13  Stargate  
  125  10:18  Gateway  
  125  10:19  Gateway  
  125  10:21  Pylon  
  125  10:28  Adept x2  
  125  10:29  Adept x2  
  125  10:33  Probe  
  125  10:34  Photon Cannon, Assimilator  
  132  10:36  Pylon, Protoss Air Weapons Level 1 (Chrono Boost)  
  122  10:56  Phoenix x2 (Chrono Boost)  
  126  10:58  Photon Cannon  
  126  11:00  Probe, Photon Cannon  
  126  11:03  Pylon, High Templar x4  
  135  11:07  Archon x2  
  135  11:11  Probe  
  135  11:15  Photon Cannon  
  135  11:18  Phoenix x2 (Chrono Boost)  
  140  11:20  Pylon  
  140  11:23  Pylon  
  140  11:25  Pylon  
  136  11:36  Probe x2  
  136  11:37  Phoenix (Chrono Boost)  
  136  11:39  Phoenix (Chrono Boost)  
  139  11:43  Stalker x2, Probe, High Templar x2  
  139  11:44  Stalker x2  
  152  11:47  Probe  
  152  11:48  Probe, Assimilator  
  152  11:50  Archon  
  152  11:54  Probe  
  154  11:56  Photon Cannon  
  155  12:01  Phoenix (Chrono Boost)  
  155  12:03  Phoenix (Chrono Boost)  
  155  12:08  Stalker, High Templar x2  
  165  12:12  Archon, Photon Cannon  
  165  12:17  Adept x3  
  167  12:34  Stalker  
  169  12:40  Stalker x2  
  169  12:41  Stalker x3  
  179  12:47  Gateway  
  179  12:48  Gateway  
  179  13:04  Void Ray x2 (Chrono Boost)  
  183  13:06  Adept x3  
  183  13:07  Robotics Bay  
  160  13:55  Stalker x4  
  154  13:56  Stalker x2  
  154  13:57  Void Ray (Chrono Boost)  
Tags
 
Add a new tag
Caveats
  • Supply blocks, unpowered buildings, or Contaminate may cause inaccurate times.
  • Supply counts are checked every 10 seconds.